 Dungeon Crawl Stone Soup version 0.28-a0-1382-g92835e5c71 (webtiles) character file.

Game seed: 13132247649280998688

253 gimp the Cutter (level 6, -1/46 HPs)
             Began as a Djinni Wanderer on Jan 2, 2022.
             Slain by an ogre (15 damage)
             ... on level 4 of the Dungeon.
             The game lasted 00:06:55 (4365 turns).

gimp the Cutter (Djinni Wanderer)                   Turns: 4365, Time: 00:06:56

Health: -1/46      AC:  2    Str: 11    XL:     6   Next: 37%
Gold:   201        EV: 12    Int: 10    God:
                   SH:  5    Dex: 16

rFire   + + .      SeeInvis .   a - +2 short sword
rCold   x . .      Faith    .   c - +0 buckler
rNeg    . . .      Spirit   .   d - +0 robe
rPois   ∞          Reflect  .   (no helmet)
rElec   .          Harm     .   (no cloak)
rCorr   .          Rampage  .   (no gloves)
Will    .....                   (boots unavailable)
Stlth   +.........              (no amulet)
HPRegen 0.15/turn               (no ring)
MPRegen 0.00/turn               (no ring)

@: flying
A: sickness immunity, fire resistance 2, cold vulnerability 1, float, innate
caster, hp casting, extra vitality 1, dopey 1, sense surroundings 1, wild magic
1
a: no special abilities


You were on level 4 of the Dungeon.
You visited 1 branch of the dungeon, and saw 4 of its levels.

You collected 201 gold pieces.

Inventory:

Hand Weapons
 a - a +2 short sword (weapon)
Missiles
 i - 17 poisoned darts (quivered)
Armour
 c - a +0 buckler (worn)
 d - a +0 robe (worn)
Scrolls
 b - a scroll of teleportation
 e - a scroll of enchant armour {unknown}
 h - 3 scrolls of fear
 l - a scroll of summoning {unknown}
 m - a scroll of identify
Potions
 g - a potion of flight {unknown}
 j - a potion of cancellation


   Skills:
 - Level 3.0 Fighting
 * Level 4.1 Short Blades
 + Level 2.2 Dodging
 - Level 4.0 Shields
 - Level 3.0 Unarmed Combat


You had 2 spell levels left.
You knew the following spells:

 Your Spells              Type           Power      Damage    Failure   Level
a - Magic Dart            Conj           0%         1d3       45%         1
b - Call Imp              Summ           0%         N/A       58%         2
Your spell library was empty.

Dungeon Overview and Level Annotations

Branches:
Dungeon (4/15)
 Temple: D:4-7

Altars:
Kikubaaqudgha

Annotations:
D:3 Sigmund
D:4 3 runed translucent doors, BubbleThief's ghost, amateur BaSu; Teslajakalope's ghost, amateur MiFi


Innate Abilities, Weirdness & Mutations

You are immune to sickness and miasma.
You are immune to poison.
Your flesh is very heat resistant. (rF++)
You are vulnerable to cold. (rC-)
You float through the air rather than walking.
You learn spells naturally, not from books.
Your magical power is your life essence.
You have superior vitality. (+4 MHP)
You are dopey. (Int -2)
You passively map a small area around you.
Your spells are a little harder to cast, but a little more powerful.


Message History

There is a stone staircase leading down here.
You take 2 damage, and have 31/46 hp.
You barely miss the goblin. You block the goblin's attack.
You closely miss the goblin. The goblin hits you with a +0 dagger.
You take 3 damage, and have 29/46 hp.
You puncture the goblin!
You kill the goblin!
No target in view!
You now have 201 gold pieces (gained 8).
Things that are here:
a +0 dagger; a goblin corpse You start resting.
Sigmund is nearby!
You regained 3 hp, and now have 32/46 hp.
Sigmund shouts!
There is a stone staircase leading down here.
You fly downwards.
Level annotation: 3 runed translucent doors, BubbleThief's ghost, amateur BaSu; Teslajakalope's ghost, amateur MiFi The ogre closely misses you. x2
There is a stone staircase leading up here.
Things that are here:
a +0 dagger; a +0 club The goblin hits you with a +0 dagger.
You hit the goblin.
You kill the goblin!
The ogre hits you with a +0 giant club!!
Ouch! That really hurt!
* * * LOW HITPOINT WARNING * * *
You take 30 damage, and have 2/46 hp.
MASSIVE DAMAGE!!
It was a potion of mutation.
You feel extremely strange.
You feel stupid.
You feel a strange attunement to the structure of the dungeons.
You feel less in control of your magic. The ogre barely misses you.
It was a potion of curing.
You feel better.
You regained 11 hp, and now have 13/46 hp.
You block the ogre's attack.
You see here a +0 club.
The ogre hits you with a +0 giant club!
You die...

#######..#........†..............
#...'.............##†...##..
##..##............##....##..
##'###...##..##...##.....+†.
#...##...##..#######.....#..
#.............#)..#####'##..
#.............#...##....##..
#...##..###..##...##.....#..
#...###+###@)##...##.....#..
#.... #))O.....##....##.. #.....
#.<......##..<.##.. #...##.,
######...##........ #...# ..*
,,,#######........
#.............. ,
,#.............< ,
,#..........##.. *
#######.######..


You could see an ogre.

Vanquished Creatures
  A necrophage (D:4)
  A hound (D:1)
  An orc wizard (D:3)
  Robin (D:4)
  2 worms
  4 dart slugs
  7 orcs
  3 endoplasms
  5 giant cockroaches
  15 goblins
  5 hobgoblins
  4 jackals (D:4)
  10 kobolds
  4 quokkas
  8 ball pythons
  3 bats
  4 frilled lizards
  2 rats (D:1)
80 creatures vanquished.

Vanquished Creatures (others)
  A human (D:4)
1 creature vanquished.

Grand Total: 81 creatures vanquished

Notes
Turn   | Place    | Note
-------+----------+-------------------------------------------
     0 | D:1      | gimp the Djinni Wanderer began the quest for the Orb.
     0 | D:1      | Reached XP level 1. HP: 18/18 MP: 0/0
   250 | D:1      | Reached XP level 2. HP: 14/23 MP: 0/0
   813 | D:1      | Reached XP level 3. HP: 17/29 MP: 0/0
   813 | D:1      | Learned a level 1 spell: Magic Dart
  1260 | D:1      | Reached XP level 4. HP: 14/34 MP: 0/0
  1531 | D:2      | Identified the +1 scale mail of Abiocyvy {Rampage Str+4
                  | Int-5}
  2109 | D:2      | Found a faded altar of an unknown god.
  3092 | D:3      | Reached XP level 5. HP: 28/40 MP: 0/0
  3092 | D:3      | Learned a level 2 spell: Call Imp
  3093 | D:3      | Paralysed by an orc for 4 turns
  3101 | D:3      | Paralysed by an orc for 3 turns
  3282 | D:3      | Paralysed by an orc for 3 turns
  3630 | D:3      | Noticed Sigmund
  3662 | D:4      | Reached skill level 1 in Dodging
  3667 | D:4      | Noticed Robin
  3906 | D:4      | Noticed a necrophage
  3936 | D:4      | Killed a necrophage
  3937 | D:4      | Reached XP level 6. HP: 33/46 MP: 0/0
  4109 | D:4      | Noticed a human
  4114 | D:4      | Killed a human
  4235 | D:4      | Found a runed translucent gate.
  4235 | D:4      | Found a runed translucent gate.
  4235 | D:4      | Found a runed translucent gate.
  4239 | D:4      | Noticed Teslajakalope's ghost (amateur MiFi)
  4239 | D:4      | Noticed BubbleThief's ghost (amateur BaSu)
  4306 | D:4      | Killed Robin
  4312 | D:4      | Noticed an ogre
  4361 | D:4      | HP: 2/46 [ogre (30)]
  4362 | D:4      | Gained mutation: You are dopey. (Int -2) [potion of
                  | mutation]
  4362 | D:4      | Gained mutation: You passively map a small area around you.
                  | [potion of mutation]
  4362 | D:4      | Gained mutation: Your spells are a little harder to cast,
                  | but a little more powerful. [potion of mutation]
  4365 | D:4      | Slain by an ogre

Illustrated notes

Levels and vault maps discovered:
D:1:      dpeg_arrival_more_subterranean_lakeside_camping, layout_rooms,
          minivault_27, corexii_leaking_fountain, grunt_decor_resistance,
          minmay_misc_feat_rows
D:2:      layout_basic, ebering_ecumenical_altar_rust, hangedman_decor_push,
          minmay_misc_feat_rugged
D:3:      layout_basic, gammafunk_temple_overflow_wave, uniq_sigmund
D:4:      layout_gridville, tgw_kikubaaqudgha, gammafunk_ghost_cemetery,
          uniq_duvessa, uniq_robin

Skill      XL: |  1  2  3  4  5  6 |
---------------+-------------------+-----
Shields        | 3 4 |  4.0
Fighting       | 3 |  3.0
Short Blades   | 3 4 |  4.1
Dodging        | 2 |  2.2
Unarmed Combat | |  3.0

Action                   |  1- 3 |  4- 6 || total
-------------------------+-------+-------++-------
Melee: Short sword       |    96 |   183 ||   279
Evoke: Wand              |       |     4 ||     4
  Use: Scroll            |       |     6 ||     6
       Potion            |       |     3 ||     3
 Stab: Sleeping          |     2 |       ||     2
Armor: Robe              |    12 |    23 ||    35
       Skin              |       |    10 ||    10
Dodge: Dodged            |    51 |    89 ||   140
Block: Buckler           |    23 |    45 ||    68

Table legend: (Time is in decaauts)
 A = Elapsed time spent in this place.
 B = Non-inter-level travel time spent in this place.
 C = Inter-level travel time spent in this place.
 D = Time resting spent in this place.
 E = Time spent auto-exploring this place.
 F = Levels seen in this place.
 G = Mean time per level.
                   A        B        C        D        E       F      G
               +--------+--------+--------+--------+--------+-----+--------+
         Total |   4366 |   4249 |    117 |    880 |   2457 |   4 | 1091.5 |
       Dungeon |   4366 |   4249 |    117 |    880 |   2457 |   4 | 1091.5 |
               +--------+--------+--------+--------+--------+-----+--------+

Top non-repeatable levels by time:
     D:2: 1674 daAuts
     D:1: 1365 daAuts
     D:3: 870 daAuts
     D:4: 455 daAuts
